Map: Royal Blood LE

Players

Ace

  • Race: Protoss Protoss
  • League: Master
  • Spawn Location: 1:00

Koda - Winner!

  • Race: Terran Terran
  • League: Master
  • Spawn Location: 7:00

VOD

Have the link to the VOD?

Description

Time

  • Played on: Aug. 16, 2023, 4:08 p.m.
  • Length: 8:28
Show
View Real Time Build Order
Export as new Build Order

Ace Protoss 

Build Orders: 1 Gate Expand, Blink Stalkers 

Get SALT Encoding   

  12  0:00  Probe  
  13  0:12  Probe  
  14  0:18  Pylon  
  14  0:27  Probe  
  15  0:40  Probe (Chrono Boost), Gateway  
  16  0:49  Probe (Chrono Boost)  
  17  0:52  Assimilator  
  17  0:54  Probe (Chrono Boost)  
  18  1:06  Probe  
  19  1:23  Probe  
  20  1:31  Cybernetics Core  
  20  1:38  Nexus  
  20  1:44  Pylon  
  20  1:54  Probe  
  20  1:59  Assimilator  
  21  2:05  Adept (Chrono Boost)  
  23  2:08  Warp Gate  
  23  2:14  Probe  
  24  2:33  Probe  
  24  2:34  Gateway  
  24  2:36  Twilight Council  
  25  2:46  Probe (Chrono Boost)  
  26  2:52  Pylon, Probe (Chrono Boost)  
  26  2:55  Stalker  
  26  2:58  Probe (Chrono Boost)  
  30  3:01  Probe (Chrono Boost)  
  30  3:03  Probe (Chrono Boost)  
  32  3:11  Blink (Chrono Boost)  
  32  3:15  Probe x2  
  32  3:28  Shield Battery  
  32  3:30  Probe  
  32  3:31  Probe  
  34  3:43  Probe x2  
  36  3:50  Nexus  
  36  3:53  Pylon  
  36  3:56  Probe  
  36  3:59  Probe  
  38  4:08  Probe  
  39  4:11  Probe  
  39  4:12  Robotics Facility  
  39  4:14  Assimilator  
  40  4:20  Probe  
  40  4:22  Forge  
  40  4:23  Probe  
  42  4:27  Pylon  
  42  4:30  Stalker  
  44  4:31  Stalker  
  46  4:38  Probe (Chrono Boost)  
  46  4:42  Probe (Chrono Boost)  
  48  4:50  Probe (Chrono Boost)  
  50  4:53  Protoss Ground Weapons Level 1 (Chrono Boost)  
  50  4:55  Probe x2 (Chrono Boost)  
  51  5:00  Gateway  
  51  5:03  Shield Battery  
  51  5:04  Gateway  
  51  5:06  Stalker  
  53  5:07  Observer (Chrono Boost)  
  53  5:08  Charge  
  53  5:09  Probe  
  53  5:13  Probe x2  
  57  5:22  Probe  
  58  5:32  Probe  
  59  5:38  Probe  
  59  5:39  Robotics Bay  
  59  5:40  Pylon  
  61  5:50  Probe  
  61  5:51  Probe  
  61  5:53  Stalker  
  61  5:54  Stalker  
  61  5:56  Probe  
  67  5:58  Sentry  
  67  5:59  Shield Battery, Gateway  
  67  6:02  Pylon  
  69  6:10  Pylon  
  69  6:12  Photon Cannon  
  69  6:14  Shield Battery  
  69  6:16  Stalker  
  69  6:17  Sentry  
  69  6:18  Sentry  
  75  6:21  Probe  
  75  6:25  Observer  
  76  6:27  Probe  
  76  6:28  Observer, Colossus (Chrono Boost)  
  83  6:34  Probe  
  83  6:35  Probe  
  83  6:37  Assimilator x2  
  85  6:40  Pylon  
  85  6:41  Zealot x2  
  85  6:42  Zealot x2  
  93  6:50  Assimilator  
  93  6:59  Zealot  
  95  7:05  Pylon  
  95  7:13  Stalker  
  95  7:14  Stalker x2  
  93  7:32  Zealot x2  
  98  7:37  Zealot x2  
  98  7:38  Zealot  
  98  7:42  Gateway  
  104  7:44  Gateway  
  104  7:47  Nexus  
  104  7:50  Pylon  
  104  7:51  Pylon  
  102  7:58  Zealot  
  102  7:59  Zealot x2  
  108  8:12  Zealot x2  
Show
View Real Time Build Order
Export as new Build Order

Koda Terran - Winner!

Build Orders:  

Get SALT Encoding   

  12  0:00  SCV  
  13  0:12  SCV  
  14  0:17  Supply Depot  
  14  0:24  SCV  
  15  0:38  SCV  
  15  0:39  Barracks  
  16  0:50  SCV  
  17  1:03  SCV  
  18  1:15  Command Center  
  18  1:17  SCV  
  19  1:30  Orbital Command  
  19  1:34  Refinery  
  19  1:40  Bunker  
  19  1:43  Marine  
  20  1:53  Supply Depot  
  20  1:56  SCV  
  20  2:00  Marine  
  23  2:08  SCV  
  23  2:14  Barracks  
  23  2:18  Marine  
  24  2:23  SCV  
  24  2:28  Barracks  
  25  2:31  Orbital Command  
  25  2:35  SCV  
  26  2:37  Barracks Reactor  
  26  2:47  SCV  
  26  2:50  Engineering Bay  
  27  2:56  SCV  
  28  2:59  SCV  
  28  3:02  Barracks Tech Lab  
  29  3:09  SCV  
  29  3:11  SCV  
  30  3:17  Marine  
  30  3:18  Marine, Barracks Tech Lab  
  32  3:21  Stimpack, SCV  
  32  3:23  SCV, Missile Turret  
  32  3:24  Marine  
  35  3:29  Refinery  
  35  3:33  SCV  
  36  3:35  SCV  
  36  3:40  Marine x2  
  39  3:42  Marine  
  39  3:43  Supply Depot  
  39  3:44  Marine  
  39  3:45  SCV  
  39  3:48  SCV  
  43  3:56  Factory  
  43  3:57  SCV  
  43  3:58  Marine x2  
  46  4:04  SCV  
  46  4:06  Supply Depot  
  46  4:09  SCV  
  48  4:14  Marine x2, Refinery  
  48  4:17  SCV  
  51  4:18  Supply Depot  
  51  4:21  SCV  
  51  4:22  Supply Depot, Marine  
  51  4:23  Marine  
  54  4:29  SCV  
  54  4:31  Combat Shield  
  55  4:35  SCV  
  56  4:41  Marauder, SCV  
  56  4:42  Marine x2  
  56  4:43  Marine, Starport  
  62  4:47  SCV  
  62  4:48  Factory Reactor  
  62  4:50  Supply Depot  
  62  4:52  Supply Depot  
  63  4:53  SCV  
  63  4:55  Refinery  
  63  4:59  SCV  
  65  5:00  Concussive Shells  
  65  5:03  Marine  
  65  5:04  Marine x3  
  65  5:05  SCV  
  70  5:12  Barracks  
  70  5:13  SCV  
  71  5:14  Barracks  
  70  5:27  Terran Infantry Weapons Level 1  
  70  5:28  SCV  
  71  5:29  SCV  
  71  5:30  Supply Depot  
  71  5:31  Medivac x2  
  71  5:33  Factory Reactor  
  75  5:37  Supply Depot  
  75  5:38  Marauder x2  
  75  5:40  SCV  
  79  5:47  SCV  
  79  5:49  Supply Depot  
  79  5:51  Marine x2  
  79  5:52  SCV  
  81  5:59  Marauder  
  81  6:00  Supply Depot, Barracks Tech Lab  
  81  6:01  Barracks Tech Lab  
  84  6:05  Supply Depot  
  84  6:06  Medivac x2  
  84  6:10  Marauder  
  84  6:11  Widow Mine  
  93  6:18  Widow Mine  
  93  6:19  Marauder x2  
  97  6:25  Armory  
  97  6:27  Marauder  
  97  6:29  Marine  
  97  6:31  Marine  
  101  6:34  Widow Mine  
  101  6:36  Marauder  
  105  6:45  Marauder x2  
  111  6:47  Widow Mine  
  111  6:50  Supply Depot  
  111  6:52  Marauder  
  113  6:54  Marine x2  
  113  7:00  Marauder  
  117  7:03  Supply Depot  
  117  7:06  Marauder  
  117  7:07  Widow Mine  
  123  7:08  Widow Mine  
  123  7:13  Marauder, Marine  
  123  7:15  Medivac  
  125  7:19  Medivac  
  125  7:20  Marine  
  125  7:21  Marauder  
  130  7:33  Marauder x2, Marine  
  130  7:34  Marauder  
  135  7:38  Marine  
  135  7:39  Widow Mine  
  135  7:40  Widow Mine  
  135  7:42  Supply Depot  
  140  7:48  Marauder  
  142  8:03  Marine  
  142  8:04  Marauder x2  
Tags
 
Add a new tag
Caveats
  • Supply blocks, unpowered buildings, or Contaminate may cause inaccurate times.
  • Supply counts are checked every 10 seconds.